 Dungeon Crawl Stone Soup version 0.31.0-10-gcf4a605ca0 (webtiles) character file.

Game seed: 14472657509976019819

12751 tilp the Severer (level 11, -8/148 HPs)
             Began as a Minotaur Berserker on Jan 26, 2024.
             Was a High Priest of Trog.
             Mangled by a meliai
             ... wielding a +0 hand axe
              (10 damage)
             ... on level 11 of the Dungeon.
             The game lasted 00:14:09 (12773 turns).

tilp the Severer (Minotaur Berserker)              Turns: 12773, Time: 00:14:10

Health: -8/148     AC: 28    Str: 25    XL:     11   Next: 66%
Magic:  10/10      EV:  8    Int:  4    God:    Trog [*****.]
Gold:   563        SH:  9    Dex: 17    Spells: 10/10 levels left

rFire   . . .        a - +0 broad axe
rCold   . . .        L - +0 kite shield
rNeg    . . .        o - +10 plate armour {ponderous}
rPois   +            (helmet restricted)
rElec   .            j - +2 cloak {rPois}
rCorr   .            (no gloves)
SInv    .            (no boots)
Will    ++...        s - amulet of the acrobat Stlth
                     M - +6 ring of dexterity
HPRegen 1.44/turn    J - +4 ring of protection
MPRegen 0.12/turn

%: acrobat
@: berserking, strong-willed, regenerating, very quick
A: horns 2, retaliatory headbutt
a: Renounce Religion, Berserk, Trog's Hand, Brothers in Arms


You were on level 11 of the Dungeon.
You worshipped Trog.
Trog was extremely pleased with you.
You visited 1 branch of the dungeon, and saw 11 of its levels.
You also visited: Ossuary and Bailey.

You collected 563 gold pieces.

Inventory:

Hand Weapons
 a - a +0 broad axe (weapon)
 b - a +1 hand axe
 G - a +0 war axe
Missiles
 g - a throwing net
 n - 39 boomerangs (quivered)
 v - 38 poisoned darts
Armour
 j - a +2 cloak of poison resistance (worn)
 l - a +0 buckler
 o - a +10 plate armour of ponderousness (worn)
 q - a +0 chain mail
 x - the +1 leather armour of the Apprentice {rF+ rC+}
   (You found it on level 4 of the Dungeon)

   rF+:       It protects you from fire.
   rC+:       It protects you from cold.
 E - a +1 chain mail of fire resistance
 L - a +0 kite shield (worn)
Jewellery
 s - an amulet of the acrobat (around neck)
 t - a ring of resist corrosion
 J - a +4 ring of protection (right hand)
 M - a +6 ring of dexterity (left hand)
 Q - a ring of ice
Wands
 d - a wand of acid (15)
 u - a wand of digging (4)
 D - a wand of charming (12)
 I - a wand of mindburst (21)
 K - a wand of iceblast (13)
Scrolls
 c - a scroll of enchant weapon
 f - 2 scrolls of revelation
 i - 6 scrolls of teleportation
 p - a scroll of poison
 y - 2 scrolls of immolation
 B - 3 scrolls of fear
 F - a scroll of torment
 N - a scroll of identify
 O - a scroll of blinking
 P - a scroll of silence {unknown}
Potions
 e - a potion of mutation
 h - 9 potions of curing
 m - 3 potions of attraction
 r - 4 potions of berserk rage
 w - 3 potions of lignification
 z - a potion of invisibility
 A - a potion of cancellation
 C - a potion of might
 H - 5 potions of enlightenment


   Skills:
 - Level 10.0 Fighting
 * Level 17.4 Axes
 - Level 4.0 Throwing
 - Level 4.0 Armour
 - Level 6.0 Dodging
 - Level 2.0 Stealth
 - Level 2.0 Shields
 - Level 4.0 Evocations


You had 10 spell levels left.
You didn't know any spells.
Your spell library was empty.

Dungeon Overview and Level Annotations

Branches:
Dungeon (11/15)            Temple (0/1) D:4            Lair (0/5) D:11
    Orc (0/2) D:9         Ossuary (visited)          Bailey (visited)

Altars:
Cheibriados
Elyvilon
Makhleb
Vehumet
Wu Jian
Xom

Shops:
D:5 :

Annotations:
D:1 dig vault


Innate Abilities, Weirdness & Mutations

You have a pair of horns on your head.
You reflexively headbutt those who attack you in melee.


Message History

The meliai stings you but does no damage.
The meliai hits you with a +0 hand axe.
* * * LOW HITPOINT WARNING * * *
You block the meliai's attack.
You fail to use your ability.
The meliai hits you but does no damage.
The meliai stings you but does no damage.
The meliai hits you with a +0 hand axe.
* * * LOW HITPOINT WARNING * * *
You block the meliai's attack. The meliai hits you with a +0 war axe!
* * * LOW HITPOINT WARNING * * *
You block the meliai's attack. x2
The meliai stings you but does no damage.
The meliai hits you but does no damage.
The meliai stings you but does no damage.
Unknown command.
You closely miss the meliai. x3; The meliai hits you but does no damage.
The meliai stings you but does no damage.
The meliai hits you but does no damage.
The meliai stings you but does no damage.
You block the meliai's attack. The meliai stings you.
* * * LOW HITPOINT WARNING * * *
The meliai hits you but does no damage. You block the meliai's attack.
The meliai hits you but does no damage. You block the meliai's attack.
The meliai invokes the aid of its god against you.
Something smites you!
* * * LOW HITPOINT WARNING * * *
Unknown command.
Unknown command.
A red film seems to cover your vision as you go berserk!
You feel yourself moving faster!
You feel mighty! The meliai hits you with a +0 war axe!
* * * LOW HITPOINT WARNING * * *
The meliai closely misses you. The meliai hits you with a +0 hand axe!
* * * LOW HITPOINT WARNING * * *
The meliai barely misses you. The meliai hits you but does no damage.
The meliai stings you but does no damage.
The meliai hits you but does no damage.
The meliai stings you but does no damage.
The meliai hits you with a +0 hand axe!
You die...

## #.........##
.### .........(.###
...##
.............##
....#
..............
....##
............#
.....# ...........#
###..## .....##
......yy...#
#...... ......#
.......@y.# #......
......# #........##
#..... ......##
#.......## #....
.......# ##...##.#
#### #.... .......#
#.## #.#####..####
#... .......## #
##.##........# ##..
........#
#..#.........###..#
.......##
#.#...........##.##
.......#
#..............#.#


You could see 3 meliai.

Vanquished Creatures
  Fannar (D:11)
  2 two-headed ogres
  2 manticores (D:11)
  A komodo dragon (D:10)
  2 trolls
  A hornet (D:9)
  Sigmund (D:2)
  2 shadows (D:11)
  17 yaks
  2 steam dragons
  A fire bat (D:5)
  Menkaure (D:7)
  An acid dragon (D:10)
  Edmund (D:5)
  2 water moccasins
  A sky beast (D:8)
  15 orc warriors
  2 ogres
  7 centaurs
  2 kobold brigands
  Blork the orc (D:5)
  4 gnoll sergeants
  8 scorpions
  4 wights (D:6)
  8 killer bees
  5 howler monkeys
  2 electric eels (D:8)
  3 centaur zombies (Ossuary)
  A bombardier beetle (D:4)
  2 jellies
  A gnoll bouda (D:8)
  4 human zombies (Ossuary)
  5 orc priests
  A hound (D:5)
  A sleepcap (D:3)
  Crazy Yiuf (D:5)
  Terence (D:2)
  3 scorpion zombies (Ossuary)
  16 orc wizards
  3 mummies (Ossuary)
  23 gnolls
  6 adders
  A shadow imp (D:8)
  2 adder zombies (Ossuary)
  4 dart slugs
  2 ribbon worms
  42 orcs
  3 endoplasms
  3 giant cockroaches
  A gnoll zombie (Ossuary)
  7 goblins
  6 hobgoblins
  30 kobolds
  A quokka (D:4)
  4 ball pythons
  A ball python zombie (Ossuary)
  4 bats
  4 frilled lizards
  4 jackal zombies (Ossuary)
  3 orc zombies (Ossuary)
  6 rats
295 creatures vanquished.

Vanquished Creatures (collateral kills)
  An acid dragon (D:10)
1 creature vanquished.

Grand Total: 296 creatures vanquished

Notes
Turn   | Place    | Note
-------+----------+-------------------------------------------
     0 | D:1      | tilp the Minotaur Berserker began the quest for the Orb.
     0 | D:1      | Reached XP level 1. HP: 19/19 MP: 0/0
   497 | D:1      | Reached XP level 2. HP: 25/27 MP: 1/1
   601 | D:1      | Reached skill level 4 in Axes
  1309 | D:2      | Noticed Terence
  1317 | D:2      | Killed Terence
  1318 | D:2      | Reached XP level 3. HP: 33/33 MP: 2/2
  1636 | D:2      | Reached ** piety under Trog
  1702 | D:2      | Reached skill level 1 in Stealth
  1702 | D:2      | Reached XP level 4. HP: 40/40 MP: 3/3
  1721 | D:2      | Noticed Sigmund
  1728 | D:2      | Killed Sigmund
  1729 | D:2      | Reached skill level 5 in Axes
  1729 | D:2      | Reached skill level 1 in Shields
  1729 | D:2      | Reached XP level 5. HP: 47/47 MP: 4/4
  2119 | D:3      | Reached XP level 6. HP: 53/53 MP: 5/5
  2935 | D:4      | Found a staircase to the Ecumenical Temple.
  3025 | D:4      | Reached skill level 5 in Fighting
  3025 | D:4      | Reached skill level 6 in Axes
  3470 | D:4      | Identified the +1 leather armour of the Apprentice {rF+
                  | rC+}
  3710 | D:4      | Found a radiant altar of Vehumet.
  3918 | D:5      | Entered Level 5 of the Dungeon
  3940 | D:5      | Noticed Edmund
  3946 | D:5      | Killed Edmund
  3947 | D:5      | Reached XP level 7. HP: 61/61 MP: 6/6
  4008 | D:5      | Reached skill level 1 in Throwing
  4169 | D:5      | Found a shimmering altar of Xom.
  4169 | D:5      | Noticed a fire bat
  4173 | D:5      | Killed a fire bat
  4174 | D:5      | Reached skill level 7 in Axes
  4376 | D:5      | Found Qovim's Self-Improvement Boutique.
  4433 | D:5      | Noticed Blork the orc
  4441 | D:5      | Killed Blork the orc
  4442 | D:5      | Reached XP level 8. HP: 70/70 MP: 7/7
  4949 | D:5      | Reached skill level 8 in Axes
  5025 | D:5      | Found a runed translucent door.
  5026 | D:5      | Noticed Crazy Yiuf
  5140 | D:5      | Killed Crazy Yiuf
  5250 | D:6      | Reached skill level 5 in Dodging
  5500 | D:6      | Found an ornate altar of the Wu Jian Council.
  5542 | D:6      | Found a snail-covered altar of Cheibriados.
  5802 | D:7      | Found a sand-covered staircase.
  5807 | D:7      | Reached skill level 9 in Axes
  5827 | Ossuary  | Entered an ossuary
  5917 | Ossuary  | Reached XP level 9. HP: 79/79 MP: 8/8
  6043 | Ossuary  | Reached *** piety under Trog
  6120 | Ossuary  | Reached skill level 10 in Axes
  6717 | D:7      | Noticed Menkaure
  6725 | D:7      | Killed Menkaure
  6726 | D:7      | Reached skill level 11 in Axes
  7628 | D:8      | Found a flagged portal.
  7639 | Bailey   | Entered a bailey
  7773 | Bailey   | Reached **** piety under Trog
  7774 | Bailey   | Reached skill level 1 in Evocations
  8270 | D:8      | Reached skill level 12 in Axes
  8270 | D:8      | Reached XP level 10. HP: 73/91 MP: 9/9
  8555 | D:8      | Reached skill level 13 in Axes
  8745 | D:8      | Reached skill level 10 in Fighting
  9513 | D:9      | Reached ***** piety under Trog
  9646 | D:9      | Reached skill level 14 in Axes
  9978 | D:9      | Noticed a two-headed ogre
  9982 | D:9      | Killed a two-headed ogre
  9983 | D:9      | Reached skill level 15 in Axes
  9983 | D:9      | Reached XP level 11. HP: 99/99 MP: 10/10
 10379 | D:9      | Found a staircase to the Orcish Mines.
 10710 | D:9      | Found a burning altar of Makhleb.
 10710 | D:9      | Found a white marble altar of Elyvilon.
 10923 | D:10     | Entered Level 10 of the Dungeon
 11855 | D:10     | Identified the +6 scimitar of Prudence {venom, rPois rC+
                  | rN+ Str-3}
 11882 | D:10     | Noticed a two-headed ogre
 11888 | D:10     | Killed a two-headed ogre
 11889 | D:10     | Reached skill level 16 in Axes
 12090 | D:11     | Found a staircase to the Lair.
 12505 | D:11     | Reached skill level 17 in Axes
 12677 | D:11     | Noticed Fannar
 12690 | D:11     | Killed Fannar
 12773 | D:11     | HP: 2/148 [meliai/+0 hand axe (7)]
 12773 | D:11     | Mangled by a meliai

Illustrated notes

Levels and vault maps discovered:
D:1:      erik_arrival_triangle_medium, layout_basic, item_on_display_a
D:2:      layout_basic, minmay_fractal_squares_gapless_5, uniq_sigmund,
          uniq_terence
D:3:      layout_basic
D:4:      layout_cave_pods, kennysheep_little_box,
          minmay_temple_entry_drinking_statues, minmay_door_square
D:5:      layout_basic, regret_index_xom_of_box, nicolae_shop_self_help,
          uniq_edmund, uniq_crazy_yiuf_cottage, uniq_blork_the_orc
D:6:      layout_cave_pools, chequers_temple_overflow_statue_of_worship,
          serial_column_ruins, column_ruins_grid_1, column_ruins_grid_1,
          column_ruins_columns_corner, column_ruins_open_small,
          column_ruins_open_tiny, column_ruins_corridor_dead_end,
          column_ruins_grid_1
D:7:      layout_layer_cave, nicolae_ossuary_entry_plus, uniq_menkaure
D:8:      argonaut_augean_stables, layout_basic, enter_bailey_6
D:9:      layout_stronghold, gammafunk_temple_overflow_wave, david_orc_5
D:10:     layout_basic, serial_glass, glass_columns_a, glass_columns_a
D:11:     layout_cave_pods, lair_entry_dummy, minivault_25, uniq_grum,
          uniq_fannar

Skill      XL: |  1  2  3  4  5  6  7  8  9 10 11 |
---------------+----------------------------------+-----
Axes           | 4 5 6 7 9 12 15 17 | 17.4
Fighting       | 4 5 6 7 9 10 | 10.0
Armour         | 3 4 |  4.0
Stealth        | 1 2 |  2.0
Dodging        | 3 4 5 6 |  6.0
Shields        | 1 2 |  2.0
Throwing       | 2 3 4 |  4.0
Evocations     | 2 4 |  4.0

Action                     |  1- 3 |  4- 6 |  7- 9 | 10-12 || total
---------------------------+-------+-------+-------+-------++-------
  Melee: Hand axe          |    61 |   126 |   285 |       ||   472
         Headbutt          |     3 |    25 |    72 |    76 ||   176
         Punch             |     1 |       |       |       ||     1
         Broad axe         |       |       |    47 |   304 ||   351
  Throw: Boomerang         |       |       |     9 |     9 ||    18
 Invoke: Berserk           |     2 |     4 |     6 |     5 ||    17
         Trog's Hand       |       |       |       |     1 ||     1
         Brothers in Arms  |       |       |       |     1 ||     1
    Use: Scroll            |     3 |     5 |    12 |     6 ||    26
         Potion            |       |       |     1 |     1 ||     2
 Armour: Animal skin       |    16 |       |       |       ||    16
         Ring mail         |    10 |     6 |       |       ||    16
         Plate armour      |       |   103 |   252 |   326 ||   681
  Dodge: Dodged            |    34 |    34 |   142 |   163 ||   373
  Block: Buckler           |     1 |    12 |    69 |    40 ||   122
         Kite shield       |       |       |       |    63 ||    63
